 Dungeon Crawl Stone Soup version 0.19.4 (webtiles) character file.

63 volk64 the Sneak (level 3, -1/16 HPs)
             Began as a Spriggan Enchanter on Feb 3, 2017.
             Was a Follower of Okawaru.
             Slain by a quokka (3 damage)
             ... on level 3 of the Dungeon.
             The game lasted 00:12:11 (2173 turns).

volk64 the Sneak (Spriggan Enchanter)               Turns: 2173, Time: 00:12:12

Health: -1/16      AC:  3    Str:  4    XL:     3   Next: 89%
Magic:  1/8        EV: 24    Int: 16    God:    Okawaru [*.....]
Gold:   124        SH:  2    Dex: 17    Spells: 3 memorised, 2 levels left

rFire  . . .     SeeInvis +     a - +1 dagger
rCold  . . .     Gourm    .     b - +1 robe
rNeg   . . .     Faith    .     (shield restricted)
rPois  .         Spirit   .     (helmet restricted)
rElec  .         Reflect  +     (no cloak)
rCorr  .         Harm     .     (gloves unavailable)
MR     .....                    (boots unavailable)
Stlth  +++++.....               k - +2 amulet of reflection
                                (no ring)
                                (no ring)

@: heroism, very quick
A: unfitting armour, see invisible, herbivore 3, speed 3, slow metabolism 2
a: Heroism, Renounce Religion


You were on level 3 of the Dungeon.
You worshipped Okawaru.
Okawaru was aware of your devotion.
You were full.

You visited 1 branch of the dungeon, and saw 3 of its levels.

You collected 124 gold pieces.

Inventory:

Hand Weapons
 a - a +1 dagger (weapon)
Armour
 b - a +1 robe (worn)
Jewellery
 k - a +2 amulet of reflection (around neck)
Scrolls
 f - a scroll of noise {unknown}
 g - a scroll of identify
 h - a scroll of magic mapping {unknown}
 j - a scroll of remove curse
 l - a scroll of teleportation
Potions
 e - a potion of invisibility
 i - a potion of curing
Books
 c - a book of Maledictions

   Spells                             Type                      Level
   a - Corona                         Hexes                        1
   b - Ensorcelled Hibernation        Hexes/Ice                    2
   c - Confuse                        Hexes                        3
   d - Tukima's Dance                 Hexes                        3
   e - Dazzling Spray                 Conjuration/Hexes            3
Comestibles
 d - 4 bread rations


   Skills:
 + Level 1.4(6.4) Short Blades
 + Level 3.3(8.3) Dodging
 + Level 5.5(10.5) Stealth
 + Level 3.3 Spellcasting
 + Level 4.4 Hexes
 + Level 0.1 Ice Magic


You had 2 spell levels left.
You knew the following spells:

 Your Spells              Type           Power        Failure   Level  Hunger
a - Corona                Hex            ###....      3%          1    None
b - Ensorcelled Hibernat  Hex/Ice        ##....       12%         2    ##.....
c - Tukima's Dance        Hex            ###.....     12%         3    ###....


Dungeon Overview and Level Annotations

Branches:
Dungeon (3/15)

Altars:
Elyvilon
Okawaru


Innate Abilities, Weirdness & Mutations

You are very small and have problems with some larger weapons.
You are too small for most types of armour.
You have supernaturally acute eyesight. (SInv)
You are a herbivore.
You cover ground extremely quickly.
You need consume almost no food.


Message History

The orc wizard is moderately wounded.
The quokka closely misses you. The orc wizard misses you.
Your short sword hits the orc but does no damage.
The orc hits your short sword.
Your short sword falls from the air.
The orc shouts!
Casting: Tukima's Dance
Confirm with . or Enter, or press ? or * to list all spells.
You don't have enough magic to cast that spell.
You completely miss the orc wizard.
The orc wizard is moderately wounded.
The orc completely misses you. The quokka completely misses you.
The orc wizard points at you and mumbles some strange words.
The magic dart hits you!
You barely miss the orc wizard.
The orc wizard is moderately wounded.
The orc barely misses you. The orc hits you.
* * * LOW HITPOINT WARNING * * *
The quokka bites you.
You die...

#.#.............
##.#.###..#####.#
##....###[.# #.#
#.....##...#####.<
#.................
#.....##...#######
#.....######
#.#.#.###
##.#@ro$..^#
#..ooo.....#
#.......)..)....#
#.##.............
##.............
#..........?..
#.#..........
#.##......#. #.
###.....


You could see an orc wizard (invisible), 3 orcs and a quokka.

Vanquished Creatures
  2 dart slugs (D:2)
  2 leopard geckos
  3 orcs (D:3)
  6 giant cockroaches
  7 goblins
  4 hobgoblins
  3 jackals (D:1)
  2 quokkas (D:3)
  4 bats
  5 frilled lizards
  A jackal skeleton (D:3)
  5 kobolds
  5 rats
49 creatures vanquished.

Vanquished Creatures (others)
  2 dancing weapons (D:3)
2 creatures vanquished.

Grand Total: 51 creatures vanquished

Notes
Turn   | Place    | Note
-------+----------+-------------------------------------------
     0 | D:1      | volk64 the Spriggan Enchanter began the quest for the Orb.
     0 | D:1      | Reached XP level 1. HP: 9/9 MP: 5/5
    89 | D:1      | Reached XP level 2. HP: 10/13 MP: 6/6
   605 | D:1      | Reached skill level 5 in Stealth
   621 | D:1      | Learned a level 2 spell: Ensorcelled Hibernation
   932 | D:2      | Reached XP level 3. HP: 16/16 MP: 0/8
  1091 | D:2      | Learned a level 3 spell: Tukima's Dance
  1322 | D:2      | Found a faded altar of an unknown god.
  1348 | D:2      | Became a worshipper of Warmaster Okawaru
  1348 | D:2      | Reached * piety under Okawaru
  1832 | D:3      | Found a white marble altar of Elyvilon.
  2173 | D:3      | Slain by a quokka

Skill      XL: |  1  2  3 |
---------------+----------+-----
Hexes          | 4 |  4.4
Stealth        | 5 |  5.5
Spellcasting   | 3 |  3.3
Short Blades   | |  1.4
Dodging        | |  3.3
Ice Magic      | |  0.1

Action                   || total
-------------------------++-------
Melee: Dagger            ||   155
 Cast: Corona            ||     8
       Ensorcelled Hiber ||    18
       Tukima's Dance    ||     4
Invok: Heroism           ||     1
  Use: Scroll            ||     3
       Potion            ||     7
 Stab: Sleeping          ||    24
       Invisible         ||     1
  Eat: Bread ration      ||     1
Armor: Robe              ||    22
Dodge: Dodged            ||   173
Block: Other             ||     7
